 Dungeon Crawl Stone Soup version 0.28-a0-823-gb444dcf96d (webtiles) character file.

Game seed: 15741889909541182069

7769 RepHenryClay the Nimble (level 11, -4/72 HPs)
             Began as a Spriggan Artificer on Nov 10, 2021.
             Was a Follower of Cheibriados.
             Killed from afar by an efreet (21 damage)
             ... with a fireball
             ... on level 10 of the Dungeon.
             The game lasted 00:22:03 (11762 turns).

RepHenryClay the Nimble (Spriggan Artificer)       Turns: 11762, Time: 00:22:04

Health: -4/72      AC:  5    Str: 10    XL:     11   Next: 1%
Magic:  12/12      EV: 33    Int: 14    God:    Cheibriados [*.....]
Gold:   409        SH:  0    Dex: 22    Spells: 10/10 levels left

rFire   . . .      SeeInvis +   b - +2 dagger (venom)
rCold   + . .      Faith    .   (shield restricted)
rNeg    . . .      Spirit   .   G - +0 troll leather armour
rPois   .          Reflect  .   (helmet restricted)
rElec   .          Harm     .   J - +0 cloak
rCorr   .          Rampage  .   (gloves unavailable)
Will    +....                   (boots unavailable)
Stlth   ..........              z - amulet of regeneration
HPRegen 2.22/turn               n - +4 ring of evasion
MPRegen 0.13/turn               s - ring of protection from cold

@: berserking, attractive, quick
A: very small, no large weapons, unfitting armour, see invisible, speed 3
a: Renounce Religion, Bend Time


You were on level 10 of the Dungeon.
You worshipped Cheibriados.
Cheibriados was aware of your devotion.
You visited 2 branches of the dungeon, and saw 11 of its levels.
You also visited: Sewer.

You collected 409 gold pieces.

Inventory:

Hand Weapons
 a - a +5 dagger of protection
 b - a +2 dagger of venom (weapon)
Missiles
 p - 72 poisoned darts (quivered)
 K - 6 atropa-tipped darts
 M - a curare-tipped dart
Armour
 j - a +0 robe of positive energy
 G - a +0 troll leather armour (worn)
 J - a +0 cloak (worn)
Jewellery
 m - an amulet of reflection
 n - a +4 ring of evasion (left hand)
 s - a ring of protection from cold (right hand)
 v - a ring of protection from cold
 y - a ring of protection from cold
 z - an amulet of regeneration (around neck)
 H - an amulet of faith
Wands
 c - a wand of flame (32)
 d - a wand of charming (18)
 q - a wand of mindburst (6)
 D - a wand of iceblast (4)
 I - a wand of paralysis (16)
Scrolls
 f - a scroll of enchant armour {unknown}
 g - 9 scrolls of identify {@r1}
 h - 2 scrolls of fog
 l - 4 scrolls of teleportation
 x - 3 scrolls of enchant weapon
 E - a scroll of vulnerability {unknown}
 F - a scroll of blinking {unknown}
 N - a scroll of amnesia
Potions
 i - 5 potions of heal wounds
 o - 2 potions of lignification
 r - a potion of might {unknown}
 t - 2 potions of brilliance
 u - a potion of degeneration {unknown}
 w - a potion of magic {unknown}
 A - 3 potions of flight {unknown}
 B - 2 potions of curing
 C - a potion of resistance {unknown}
 L - a potion of haste {unknown}


   Skills:
 - Level 0.8 Fighting
 - Level 11.9 Short Blades
 - Level 5.7 Throwing
 + Level 14.3 Dodging
 - Level 6.0 Stealth
 - Level 4.0 Evocations


You had 10 spell levels left.
You didn't know any spells.
Your spell library contained the following spells:

 Spells                   Type           Power      Damage    Failure   Level
 Slow                     Hex            0%         N/A       36%         1
 Summon Small Mammal      Summ           0%         N/A       36%         1
 Static Discharge         Conj/Air       0%         N/A       52%         2
 Call Canine Familiar     Summ           0%         N/A       75%         3
 Confusing Touch          Hex            0%         N/A       75%         3
 Summon Guardian Golem    Hex/Summ       0%         N/A       75%         3
 Vampiric Draining        Necr           0%         2d6       75%         3
 Dispel Undead            Necr           0%         3d6       98%         4
 Sticky Flame             Conj/Fire      0%         2d3       98%         4


Dungeon Overview and Level Annotations

Branches:
Dungeon (10/15)            Temple (1/1) D:7            Lair (0/6) D:9
  Sewer (visited)
    Orc: D:9-12

Altars:
Ashenzari
Cheibriados
Dithmenos
Elyvilon
Fedhas
Gozag
Hepliaklqana
Kikubaaqudgha
Makhleb
Nemelex Xobeh
Okawaru
Qazlal
Ru
Sif Muna
Trog
Uskayaw
Vehumet
Wu Jian
Xom
Yredelemnul
Zin
The Shining One
Beogh

Shops:
D:6 *   D:7 *

Annotations:
D:10 4 runed translucent doors


Innate Abilities, Weirdness & Mutations

You are very small and have problems with some larger weapons.
You are too small for most types of armour.
You have supernaturally acute eyesight. (SInv)
You cover ground extremely quickly. (Speed+++)


Message History

The troll is attracted toward you.
It was a potion of berserk rage.
A red film seems to cover your vision as you go berserk!
Cheibriados protects you from inadvertent hurry.
You feel mighty!
The troll shouts!
The yak bellows!
The efreet gestures at you.
The fireball explodes!
The fireball engulfs you!
The fireball engulfs the efreet.
The efreet completely resists.
You puncture the efreet!
The efreet is moderately wounded.
The efreet gestures at you.
The fireball explodes!
The fireball engulfs you!!
The fireball engulfs the efreet.
The efreet completely resists.
You barely miss the efreet.
The efreet is lightly wounded.
Huge Dmg: -37%(-27hp) hp: 48%(34hp)
You hit the efreet but do no damage.
The efreet is lightly wounded.
The efreet gestures at you. The bolt of fire hits you!!
* * * LOW HITPOINT WARNING * * *
Huge Dmg: -34%(-24hp) hp: 14%(10hp)
You hit the efreet.
The efreet is moderately wounded.
You hit the efreet.
The efreet is heavily wounded.
The efreet misses you.
You hit the efreet.
The efreet is heavily wounded.
You barely miss the efreet.
The efreet is heavily wounded.
The efreet misses you.
You hit the efreet but do no damage.
The efreet is poisoned.
The efreet is heavily wounded.
You puncture the efreet!
The efreet is severely wounded.
The efreet gestures at you.
The fireball explodes!
The fireball engulfs you!!
You die...

#......................##...##...#
#........................#......#.
#........##......#........#....#..
#........##......#.........#..#...
#....<....#.................##...#
#...........................##...#
#..######..######..........##.#...
#.##..K.####(.TR##.........##..#..
#.#.###..##?##○#@#.(.......##...#.
#)#.#(##.# #R.#.#..###+######...#
##)#†##.#.# .○###.#.#.......###....
#..#.#.## ##:##.#.#.#.......##...#.
#..##...# ###.#.##.#...<...##..#..
#...###'# #'###..#.......##.#...
#.......######......#.......##....#
##.....##8:?8##.....####..#########
#.....#8....8#.########..#####


You could see a troll and an efreet (poisoned).

Vanquished Creatures
  A two-headed ogre (D:8)
  An orc knight (D:10)
  Psyche (D:10)
  2 trolls
  Sigmund (D:5)
  A wyvern (D:8)
  A shadow (D:10)
  A wraith (D:10)
  Eustachio (D:5)
  10 yaks
  3 water moccasins
  3 ice beasts
  2 orc warriors
  A black bear (D:5)
  An ogre (D:6)
  2 necrophages
  6 wolves
  2 centaurs
  A phantom (D:6)
  5 kobold brigands
  A gnoll sergeant (D:9)
  10 killer bees
  2 electric eels (D:9)
  4 wights
  3 howler monkeys
  2 jellies
  3 centaur zombies
  3 orc priests
  A bullfrog skeleton (D:4)
  2 centaur skeletons
  2 hounds
  2 iguanas
  A scorpion zombie (D:5)
  6 orc wizards
  A killer bee zombie (D:5)
  A howler monkey zombie (D:10)
  3 gnolls
  5 adders
  3 river rats (D:6)
  3 white imps
  An ufetubus (D:4)
  An adder skeleton (D:4)
  A dart slug (D:1)
  A worm (D:2)
  18 orcs
  7 endoplasms
  4 giant cockroaches
  7 goblins
  9 hobgoblins
  9 jackals
  3 quokkas
  3 ball pythons
  3 bats
  A frilled lizard (D:2)
  15 kobolds
  6 rats
193 creatures vanquished.

Vanquished Creatures (collateral kills)
  A jackal (D:1)
1 creature vanquished.

Vanquished Creatures (others)
  A wight (D:8)
  An orc (D:5)
  A jackal (D:1)
  10 plants (D:7)
13 creatures vanquished.

Grand Total: 207 creatures vanquished

Notes
Turn   | Place    | Note
-------+----------+-------------------------------------------
     0 | D:1      | RepHenryClay the Spriggan Artificer began the quest for the
                  | Orb.
     0 | D:1      | Reached XP level 1. HP: 9/9 MP: 2/2
   311 | D:1      | Reached skill level 1 in Short Blades
   608 | D:1      | Reached XP level 2. HP: 13/14 MP: 3/3
  1152 | D:1      | Found a faded altar of an unknown god.
  1822 | D:2      | Reached XP level 3. HP: 17/17 MP: 4/4
  2105 | D:2      | Found a sparkling altar of Nemelex Xobeh.
  2649 | D:2      | Reached XP level 4. HP: 19/21 MP: 5/5
  3261 | D:4      | Reached skill level 5 in Short Blades
  3377 | D:4      | Reached XP level 5. HP: 25/25 MP: 6/6
  3754 | D:5      | Entered Level 5 of the Dungeon
  4170 | D:5      | Noticed an ice beast
  4175 | D:5      | Killed an ice beast
  4176 | D:5      | Reached XP level 6. HP: 29/29 MP: 7/7
  4212 | D:5      | Found a radiant altar of Vehumet.
  4212 | D:5      | Found a broken altar of Ashenzari.
  4235 | D:5      | Noticed Sigmund
  4257 | D:5      | Killed Sigmund
  4520 | D:5      | Reached XP level 7. HP: 24/32 MP: 8/8
  4659 | D:5      | Reached skill level 5 in Stealth
  4832 | D:6      | Found a glowing drain.
  4928 | Sewer    | Entered a sewer
  5313 | D:6      | Noticed Eustachio
  5498 | D:5      | Killed Eustachio
  5499 | D:5      | Reached skill level 4 in Dodging
  5621 | D:6      | Found Zin's Purification Station.
  5621 | D:6      | Found a glowing silver altar of Zin.
  5703 | D:6      | Reached XP level 8. HP: 37/37 MP: 9/9
  5735 | D:6      | Reached skill level 5 in Dodging
  6256 | D:7      | Found Piwilic's Mass Market.
  6425 | D:7      | Found a hazy altar of Hepliaklqana.
  6471 | D:7      | Reached skill level 1 in Throwing
  7266 | D:7      | Found a staircase to the Ecumenical Temple.
  7355 | Temple   | Entered the Ecumenical Temple
  7511 | Temple   | Became a worshipper of Cheibriados the Contemplative
  7587 | D:7      | Reached skill level 5 in Throwing
  7663 | D:7      | You fall into a shaft and drop 1 floor!
  7663 | D:8      | Found a sacrificial altar of Ru.
  7666 | D:8      | Found an ancient bone altar of Kikubaaqudgha.
  8438 | D:8      | Reached skill level 6 in Dodging
  8438 | D:8      | Reached XP level 9. HP: 40/40 MP: 10/10
  9197 | D:8      | Reached skill level 7 in Dodging
  9284 | D:8      | Noticed a two-headed ogre
  9322 | D:8      | Killed a two-headed ogre
  9323 | D:8      | Reached skill level 10 in Short Blades
  9323 | D:8      | Reached skill level 8 in Dodging
  9434 | D:8      | Reached skill level 9 in Dodging
  9843 | D:9      | Noticed a troll
  9869 | D:8      | Killed a troll
  9936 | D:8      | Reached XP level 10. HP: 44/44 MP: 11/11
  9975 | D:8      | Reached skill level 10 in Dodging
 10372 | D:9      | Reached skill level 11 in Dodging
 10415 | D:9      | Found a staircase to the Lair.
 10596 | D:9      | Noticed a cyclops
 10783 | D:9      | Reached * piety under Cheibriados
 10979 | D:10     | Entered Level 10 of the Dungeon
 10988 | D:10     | Found a large runed translucent door.
 10988 | D:10     | Found a large runed translucent door.
 11056 | D:10     | Noticed Psyche
 11070 | D:10     | Killed Psyche
 11071 | D:10     | Reached skill level 12 in Dodging
 11212 | D:10     | Reached skill level 13 in Dodging
 11394 | D:10     | Found a large runed translucent door.
 11394 | D:10     | Found a large runed translucent door.
 11463 | D:10     | Noticed an orc knight
 11506 | D:10     | Killed an orc knight
 11507 | D:10     | Reached skill level 14 in Dodging
 11537 | D:10     | Noticed a rakshasa
 11692 | D:10     | Reached XP level 11. HP: 48/48 MP: 12/12
 11762 | D:10     | Killed from afar by an efreet

Illustrated notes

Levels and vault maps discovered:
D:1:      dpeg_arrival_lava_altar, layout_loops_ring,
          hellmonk_ecumenical_altar_defaced_shrine, chequers_jeans
D:2:      layout_loops_ring, basic_altar
D:3:      layout_rooms
D:4:      layout_basic, small_statue_intersection
D:5:      layout_loops_ring, gammafunk_temple_overflow_pools,
          roderic_roman_lattice, uniq_sigmund
D:6:      layout_cave_pools, zin_purify, portal_sewer_entry_a,
          small_statue_intersection, uniq_eustachio
D:7:      minmay_evil_eye, layout_cave_pods, nicolae_hepliaklqana_hazy_memory,
          minmay_temple_entry_junction, kennysheep_cross_bottleneck,
          minmay_shop_mass
D:8:      kennysheep_ambush_hall, layout_basic,
          mainiacjoe_overflow_large_starburst, kennysheep_generic_room_7
D:9:      layout_big_octagon, erik_lair_island
D:10:     layout_stronghold, serial_column_ruins, column_ruins_circle_medium,
          column_ruins_hut, column_ruins_open_small,
          column_ruins_columns_dead_end, column_ruins_corridor_T,
          column_ruins_columns_plus, hangedman_decor_slide_cut,
          minmay_hollow_rounded_squares, uniq_psyche
Temple:   regret_index_temple_sphere_string

Skill      XL: |  1  2  3  4  5  6  7  8  9 10 |
---------------+-------------------------------+-----
Short Blades   | 1 3 4 5 6 7 8 9 11 | 11.9
Stealth        | 4 6 |  6.0
Dodging        | 4 6 9 14 | 14.3
Throwing       | 5 |  5.7
Fighting       | |  0.8
Evocations     | |  4.0

Action                   |  1- 3 |  4- 6 |  7- 9 | 10-12 || total
-------------------------+-------+-------+-------+-------++-------
Melee: Club              |    27 |       |       |       ||    27
       Short sword       |    64 |       |       |       ||    64
       Dagger            |    44 |   176 |   458 |   470 ||  1148
Throw: Dart              |       |       |    71 |    47 ||   118
Evoke: Wand              |     6 |     4 |     5 |       ||    15
       Piece from Xom's  |       |       |     1 |       ||     1
  Use: Scroll            |       |       |    10 |       ||    10
       Potion            |       |       |     1 |     2 ||     3
 Stab: Sleeping          |    11 |     2 |     7 |     3 ||    23
       Petrifying        |       |       |     2 |       ||     2
Armor: Robe              |    11 |    13 |    19 |       ||    43
       Troll leather arm |       |       |     4 |    10 ||    14
Dodge: Dodged            |   100 |   114 |   312 |   326 ||   852
Block: Other             |     3 |    33 |    61 |       ||    97
       Reflection        |       |     1 |     2 |       ||     3

Table legend: (Time is in decaauts)
 A = Elapsed time spent in this place.
 B = Non-inter-level travel time spent in this place.
 C = Inter-level travel time spent in this place.
 D = Time resting spent in this place.
 E = Time spent auto-exploring this place.
 F = Levels seen in this place.
 G = Mean time per level.
                   A        B        C        D        E       F      G
               +--------+--------+--------+--------+--------+-----+--------+
         Total |   9389 |   9062 |    327 |   1383 |   5621 |  12 |  782.4 |
       Dungeon |   8959 |   8648 |    311 |   1165 |   5486 |  10 |  895.9 |
        Temple |    107 |     92 |     15 |      0 |     79 |   1 |  107.0 |
         Sewer |    322 |    322 |      0 |    218 |     56 |   1 |  322.0 |
               +--------+--------+--------+--------+--------+-----+--------+

Top non-repeatable levels by time:
     D:7: 1539 daAuts
     D:1: 1507 daAuts
     D:8: 1325 daAuts
     D:5: 986 daAuts
     D:9: 808 daAuts
     D:6: 794 daAuts
    D:10: 638 daAuts
     D:2: 585 daAuts
     D:4: 413 daAuts
     D:3: 360 daAuts
   Sewer: 322 daAuts
  Temple: 107 daAuts
